 Dungeon Crawl Stone Soup version 0.28.0-62-gf88900778d (webtiles) character file.

Game seed: 7965864781928505097

100 cbfl8 the Skirmisher (level 4, 0/35 HPs)
             Began as a Demonspawn Fighter on Mar 21, 2024.
             Succumbed to a scorpion's poison
             ... on level 2 of the Dungeon.
             The game lasted 00:01:07 (927 turns).

cbfl8 the Skirmisher (Demonspawn Fighter)            Turns: 927, Time: 00:01:08

Health: 0/35       AC:  8    Str: 17    XL:     4   Next: 46%
Magic:  4/4        EV:  9    Int:  9    God:
Gold:   55         SH:  5    Dex: 14    Spells: 3/3 levels left

rFire   . . .      SeeInvis .   a - +0 war axe
rCold   . . .      Faith    .   c - +0 buckler
rNeg    . . .      Spirit   .   b - +0 scale mail
rPois   .          Reflect  .   (no helmet)
rElec   .          Harm     .   (no cloak)
rCorr   .          Rampage  .   (no gloves)
Will    .....                   k - +0 pair of boots
Stlth   ..........              (no amulet)
HPRegen 0.11/turn               (no ring)
MPRegen 0.18/turn               (no ring)

@: lethally poisoned (0 -> -6), invisible
A: ignite blood 1, magic regeneration, weakness stinger 1
a: no special abilities


You were on level 2 of the Dungeon.
You visited 1 branch of the dungeon, and saw 2 of its levels.

You collected 55 gold pieces.

Inventory:

Hand Weapons
 a - a +0 war axe (weapon)
Armour
 b - a +0 scale mail (worn)
 c - a +0 buckler (worn)
 k - a +0 pair of boots (worn)
Scrolls
 e - a scroll of vulnerability {unknown}
 f - a scroll of amnesia {unknown}
 i - a scroll of identify {unknown}
Potions
 d - a potion of might
 j - a potion of flight {unknown}
 l - a potion of haste {unknown}


   Skills:
 + Level 3.3 Fighting
 + Level 2.7 Axes
 + Level 3.2 Armour
 + Level 3.1 Shields
 * Level 1.6 Evocations


You had 3 spell levels left.
You didn't know any spells.
Your spell library contained the following spells:

 Spells                   Type           Power      Damage    Failure   Level
 Foxfire                  Conj/Fire      0%         2x1d4     87%         1
 Conjure Flame            Conj/Fire      0%         6-21      99%         3
 Inner Flame              Hex/Fire       0%         N/A       99%         3
 Flame Wave               Conj/Fire      0%         2d4       100%        4


Dungeon Overview and Level Annotations

Branches:
Dungeon (2/15)

Altars:


Innate Abilities, Weirdness & Mutations

Your demonic aura sometimes causes spilled blood to erupt in flames.
You regenerate magic rapidly.
You have a small tail.


Message History

You block the scorpion's attack. The scorpion barely misses you.
You barely miss the scorpion.
You tail-slap the scorpion, but do no damage.
The scorpion is moderately wounded.
The scorpion stings you.
You are poisoned.
The scorpion poisons you!
You closely miss the scorpion.
The scorpion is moderately wounded.
You feel very sick. The scorpion stings you. The scorpion barely misses you.
You closely miss the scorpion.
Your tail-slap misses the scorpion.
The scorpion is moderately wounded.
You feel very sick. The scorpion stings you. x2
You closely miss the scorpion.
You tail-slap the scorpion, but do no damage.
The scorpion is moderately wounded.
You feel sick. The scorpion stings you. The scorpion barely misses you.
You feel better. The scorpion stings you!
You are lethally poisoned!
The scorpion poisons you!
You closely miss the scorpion.
Your tail-slap misses the scorpion.
The scorpion is moderately wounded.
* * * LOW HITPOINT WARNING * * *
You feel very sick. The scorpion barely misses you.
You slash the scorpion! You tail-slap the scorpion.
You kill the scorpion!
* * * LOW HITPOINT WARNING * * *
You feel very sick.
You have reached level 4!
You feel stronger.
Your demonic ancestry asserts itself...
Your magic begins to regenerate rapidly.
There is a lethal amount of poison in your body!
There is a lethal amount of poison in your body!
There is a lethal amount of poison in your body!
It was a potion of invisibility.
You fade into invisibility!
You die...

############
#..........#
#.########.#
#.# ##.###
#.# #....#
#@# #....#
#†# #....#
#.# ##.###
#$# #<# #.#
### ... ###


There were no monsters in sight!

Vanquished Creatures
  A scorpion (D:2)
  A dart slug (D:1)
  6 ball pythons (D:1)
  3 bats
  6 endoplasms (D:1)
  3 goblins (D:1)
  3 hobgoblins (D:1)
  4 jackals (D:1)
  A kobold (D:1)
  2 quokkas (D:1)
  A frilled lizard (D:1)
  4 rats (D:1)
35 creatures vanquished.

Notes
Turn   | Place    | Note
-------+----------+-------------------------------------------
     0 | D:1      | cbfl8 the Demonspawn Fighter began the quest for the Orb.
     0 | D:1      | Reached XP level 1. HP: 18/18 MP: 1/1
    57 | D:1      | Gained mutation: Your demonic aura sometimes causes spilled
                  | blood to erupt in flames. [demonic ancestry]
    57 | D:1      | Reached XP level 2. HP: 18/24 MP: 2/2
   337 | D:1      | Reached skill level 1 in Evocations
   340 | D:1      | Discovered your monstrous ancestry.
   340 | D:1      | Gained mutation: You have a small tail. [demonic ancestry]
   340 | D:1      | Reached XP level 3. HP: 29/29 MP: 3/3
   912 | D:2      | Noticed a scorpion
   926 | D:2      | Killed a scorpion
   927 | D:2      | Gained mutation: You regenerate magic rapidly. [demonic
                  | ancestry]
   927 | D:2      | Reached XP level 4. HP: 2/35 MP: 4/4
   927 | D:2      | Succumbed to a scorpion's poison

Illustrated notes

Levels and vault maps discovered:
D:1:      onia_arrival_handbag, layout_basic
D:2:      layout_basic

Skill      XL: |  1  2  3 |
---------------+----------+-----
Axes           | 2 |  2.7
Evocations     | 1 |  1.6
Shields        | 3 |  3.1
Armour         | 3 |  3.2
Fighting       | |  3.3

Action                   |  1- 3 |  4- 6 || total
-------------------------+-------+-------++-------
Melee: War axe           |    84 |       ||    84
       Tailslap          |     7 |       ||     7
  Use: Potion            |     2 |     1 ||     3
Armor: Scale mail        |    44 |       ||    44
Dodge: Dodged            |    32 |       ||    32
Block: Buckler           |    27 |       ||    27
